Map: [ESL] Hardwire

Players

Lambo - Winner!

  • Race: Zerg Zerg

Bunny

  • Race: Terran Terran

Event: IEM Katowice 2022

VOD

Have the link to the VOD?

Description

Time

  • Played on: Feb. 25, 2022, 8:18 a.m.
  • Length: 32:36

All games in this series

Show
View Real Time Build Order
Export as new Build Order

Lambo Zerg - Winner!

Build Orders: Hatch First 

Get SALT Encoding   

  12  0:00  Drone  
  13  0:12  Overlord  
  13  0:16  Drone  
  14  0:30  Drone x2  
  16  0:47  Hatchery  
  15  0:50  Drone  
  15  0:54  Drone  
  15  0:57  Drone  
  18  1:09  Extractor  
  17  1:11  Spawning Pool  
  17  1:15  Drone  
  18  1:18  Drone  
  18  1:27  Drone  
  19  1:39  Drone  
  20  1:48  Drone  
  21  1:58  Queen x2  
  21  1:59  Zergling x2  
  21  2:00  Zergling x2  
  27  2:09  Drone  
  27  2:10  Overlord  
  28  2:19  Hatchery  
  28  2:22  Drone  
  28  2:29  Drone  
  29  2:31  Drone  
  29  2:32  Drone  
  31  2:43  Queen  
  31  2:44  Overlord  
  33  2:50  Metabolic Boost  
  33  2:51  Drone  
  33  2:56  Drone x2  
  36  3:02  Queen  
  38  3:10  Drone x4  
  38  3:12  Drone  
  43  3:16  Drone  
  43  3:19  Overlord  
  44  3:27  Overlord  
  44  3:30  Queen  
  44  3:33  Queen  
  48  3:36  Drone  
  49  3:41  Drone  
  49  3:42  Drone x4  
  49  3:44  Drone  
  55  3:49  Overlord  
  55  3:50  Zergling x2  
  56  3:56  Drone x2, Zergling x4  
  56  3:58  Drone  
  61  4:03  Drone x2  
  63  4:10  Overlord  
  63  4:11  Drone x3  
  63  4:14  Queen  
  63  4:16  Drone x2  
  70  4:19  Overlord  
  70  4:21  Lair  
  70  4:25  Overlord  
  70  4:26  Overlord  
  70  4:28  Drone x2  
  70  4:29  Drone  
  73  4:32  Extractor  
  73  4:35  Baneling Nest  
  73  4:36  Overlord  
  73  4:37  Drone x2  
  73  4:42  Queen  
  73  4:44  Zergling x2  
  76  4:49  Zergling x2  
  76  4:50  Drone  
  76  4:52  Drone x2  
  80  4:53  Hatchery  
  80  4:57  Zergling x4  
  81  5:01  Drone x3  
  81  5:02  Drone  
  81  5:03  Spore Crawler  
  81  5:04  Spore Crawler  
  81  5:05  Spore Crawler  
  82  5:08  Drone x3  
  84  5:14  Drone x3  
  84  5:16  Overlord  
  84  5:17  Drone x2  
  84  5:20  Extractor x2  
  84  5:21  Queen  
  87  5:24  Centrifugal Hooks, Baneling x2  
  89  5:33  Drone  
  89  5:34  Drone x3  
  89  5:35  Queen  
  95  5:37  Drone  
  95  5:40  Evolution Chamber, Zergling x4  
  95  5:41  Baneling x2  
  95  5:42  Evolution Chamber  
  96  5:43  Drone x3  
  96  5:44  Drone  
  96  5:47  Drone x2  
  101  6:00  Drone x7  
  101  6:01  Spire  
  103  6:06  Zergling x4  
  103  6:09  Zergling x8  
  103  6:17  Drone x2  
  93  6:20  Drone x4  
  93  6:23  Drone  
  93  6:24  Roach Warren  
  93  6:26  Extractor  
  93  6:28  Extractor  
  93  6:31  Drone x3  
  94  6:33  Zerg Missile Weapons Level 1  
  94  6:34  Drone  
  94  6:37  Drone  
  96  6:40  Drone x2  
  96  6:45  Drone  
  99  6:47  Zerg Ground Armor Level 1  
  99  6:50  Drone x2  
  99  6:53  Drone  
  102  6:55  Overlord  
  102  6:56  Overlord  
  102  7:01  Overlord  
  102  7:02  Overlord  
  102  7:05  Drone x2  
  102  7:08  Spore Crawler, Extractor  
  98  7:10  Drone x9, Extractor  
  95  7:16  Roach  
  94  7:24  Corruptor  
  94  7:25  Corruptor x2  
  94  7:29  Drone x2  
  102  7:30  Drone x2  
  102  7:31  Drone x3  
  102  7:32  Drone  
  108  7:38  Drone x6  
  108  7:39  Roach  
  114  7:44  Drone x4  
  114  7:46  Drone  
  114  7:48  Glial Reconstitution  
  114  7:50  Roach  
  121  7:53  Roach x2  
  121  7:54  Drone  
  126  8:01  Corruptor x3  
  126  8:03  Overlord  
  132  8:06  Overlord  
  132  8:07  Drone x2  
  132  8:09  Zerg Flyer Weapons Level 1  
  132  8:12  Overlord, Roach  
  136  8:17  Overlord  
  136  8:21  Baneling x8, Overlord  
  136  8:24  Overlord  
  136  8:26  Hatchery  
  135  8:29  Roach x3  
  135  8:31  Corruptor  
  143  8:34  Corruptor  
  143  8:37  Ravager x3  
  143  8:39  Drone  
  143  8:40  Drone  
  143  8:41  Spine Crawler  
  149  8:43  Zerg Missile Weapons Level 2  
  149  8:48  Zerg Melee Weapons Level 1, Zergling x2  
  149  8:49  Zergling x12  
  149  8:50  Drone  
  149  8:53  Ravager  
  158  8:56  Roach x4  
  158  9:02  Overlord, Corruptor  
  165  9:08  Infestation Pit  
  166  9:11  Overlord  
  166  9:12  Corruptor  
  168  9:17  Corruptor  
  168  9:19  Ravager  
  168  9:23  Corruptor  
  173  9:25  Zergling x30  
  173  9:26  Extractor  
  187  9:34  Corruptor x2  
  187  9:37  Zergling x2  
  187  9:38  Zergling x12  
  198  9:39  Baneling x6  
  198  9:48  Zergling x2  
  198  9:50  Baneling x9  
  198  9:52  Overlord  
  195  10:07  Ravager x2  
  195  10:08  Corruptor x2  
  195  10:11  Drone  
  195  10:12  Drone x2  
  195  10:15  Baneling x3  
  195  10:16  Drone x4  
  195  10:17  Spore Crawler  
  195  10:20  Drone  
  199  10:24  Baneling  
  199  10:25  Baneling x10  
  199  10:32  Hatchery  
  199  10:34  Hive  
  198  10:38  Spine Crawler  
  198  10:40  Hatchery, Spore Crawler  
  198  10:41  Ravager x3  
  198  10:50  Spine Crawler x2  
  198  10:53  Ravager  
  197  10:57  Zerg Melee Weapons Level 2  
  197  10:58  Extractor  
  196  11:04  Pneumatized Carapace  
  191  11:46  Roach x10  
  197  11:48  Zergling x14  
  197  11:49  Zergling x2  
  197  11:51  Zergling x20  
  176  11:56  Roach x14  
  193  12:09  Baneling x3  
  193  12:10  Baneling x13  
  193  12:20  Zergling x12  
  193  12:21  Zergling x18  
  193  12:22  Zergling x12  
  200  12:24  Zergling x12  
  187  12:30  Zergling x26  
  187  12:36  Zergling x2  
  187  12:37  Zergling x6  
  197  12:40  Zergling x14  
  197  12:43  Zergling x6  
  189  12:45  Zerg Missile Weapons Level 3  
  189  12:46  Adrenal Glands  
  189  12:47  Greater Spire  
  189  12:49  Zergling x8  
  173  12:52  Zergling x2  
  173  12:53  Zergling x12  
  173  12:55  Roach x2  
  173  12:57  Roach x2  
  165  13:00  Roach x2  
  165  13:02  Roach x3  
  165  13:05  Roach x3  
  174  13:07  Roach  
  170  13:13  Drone x6  
  170  13:15  Baneling  
  170  13:16  Baneling x6  
  170  13:17  Ravager x6  
  170  13:19  Baneling x6  
  182  13:23  Roach x9  
  182  13:25  Baneling  
  200  13:33  Spine Crawler  
  189  13:35  Zergling x22  
  189  13:37  Drone x5  
  197  13:45  Zergling x6  
  197  13:48  Zergling x4  
  200  13:54  Zerg Melee Weapons Level 3  
  187  14:07  Drone x7  
  187  14:09  Zerg Flyer Weapons Level 2, Pathogen Glands, Extractor  
  183  14:16  Ravager x9  
  188  14:17  Drone x3  
  188  14:20  Zergling x18  
  200  14:26  Hatchery  
  199  14:34  Overlord  
  199  14:36  Overlord  
  197  14:44  Zergling x12  
  194  14:49  Zergling x38  
  194  14:50  Zergling x6  
  194  14:52  Zergling x8  
  185  15:05  Drone x2, Neural Parasite  
  185  15:06  Roach x2  
  185  15:07  Roach x2  
  195  15:10  Baneling x7  
  195  15:13  Baneling x11  
  195  15:19  Baneling x9  
  195  15:22  Zergling x10  
  200  15:29  Burrow  
  200  15:33  Baneling x11  
  200  15:55  Drone x4  
  195  16:00  Spine Crawler  
  195  16:01  Ravager x4  
  195  16:02  Ravager  
  199  16:06  Zergling x6  
  199  16:09  Zergling x4  
  199  16:11  Zergling x22  
  199  16:13  Zergling x16  
  192  16:19  Zerg Ground Armor Level 2  
  192  16:24  Spore Crawler  
  191  16:26  Ravager x2  
  191  16:27  Zergling x12  
  199  16:35  Baneling x14  
  199  16:37  Baneling x15  
  183  17:16  Zergling x18  
  183  17:20  Roach x4  
  196  17:22  Ravager  
  197  17:30  Zergling x2  
  197  17:31  Zergling x2  
  197  17:35  Overseer  
  178  17:46  Infestor x3  
  178  17:51  Drone x4  
  185  17:54  Extractor, Zergling x32  
  185  17:56  Overseer x2  
  185  17:57  Hatchery, Zerg Flyer Weapons Level 3  
  197  18:02  Ravager x2  
  195  18:17  Zergling x16  
  195  18:22  Zergling x26  
  195  18:26  Baneling x8, Zergling x2  
  191  18:35  Infestor x2  
  191  18:36  Infestor x3  
  191  18:38  Zergling x8  
  191  18:39  Zergling x22  
  195  18:44  Brood Lord  
  195  18:46  Baneling x12  
  196  18:50  Drone x4  
  196  18:53  Overseer  
  196  18:54  Zerg Ground Armor Level 3  
  198  19:01  Roach x12  
  188  19:03  Zergling x22  
  198  19:11  Baneling x10  
  198  19:15  Zergling x2  
  198  19:16  Baneling x4  
  198  19:26  Zergling x4  
  198  19:27  Zergling x10  
  198  19:31  Extractor, Zergling x18  
  193  19:32  Extractor  
  193  19:36  Zergling x24  
  189  19:46  Zergling x16  
  189  19:48  Ravager x3  
  196  19:59  Drone x10  
  194  20:00  Spine Crawler  
  194  20:02  Spine Crawler  
  194  20:04  Spine Crawler  
  189  20:17  Spine Crawler  
  189  20:18  Spire  
  189  20:19  Spore Crawler  
  183  20:30  Drone x3  
  180  20:35  Ravager x2  
  180  20:36  Zergling x22, Ravager  
  180  20:37  Infestor  
  180  20:38  Baneling x13  
  180  20:39  Drone x8  
  200  20:48  Infestor x5  
  200  20:55  Extractor  
  200  20:56  Extractor  
  198  21:02  Ravager x2  
  197  21:18  Zergling x36  
  171  21:26  Zergling x2  
  171  21:27  Zergling x34  
  171  21:33  Roach  
  171  21:34  Roach x11  
  188  21:41  Roach x5  
  188  21:46  Baneling x15  
  195  21:49  Extractor  
  195  21:51  Extractor, Zerg Flyer Armor Level 1  
  195  21:53  Baneling x13  
  193  21:59  Baneling x12  
  193  22:03  Overseer x2  
  193  22:04  Hatchery  
  190  22:11  Zergling x36  
  190  22:15  Zergling x18  
  184  22:18  Zergling x10  
  184  22:20  Zergling x2  
  184  22:22  Zergling x10  
  168  22:25  Roach x5  
  157  22:30  Roach x2  
  157  22:33  Baneling x8  
  161  22:37  Drone x2  
  161  22:38  Drone x3  
  161  22:43  Baneling x9  
  166  22:49  Infestor x4  
  152  23:04  Corruptor x8  
  155  23:06  Queen x4  
  155  23:08  Drone x2, Queen x2  
  166  23:13  Infestor x3  
  166  23:14  Ravager x3  
  166  23:15  Ravager x3  
  166  23:17  Queen  
  180  23:42  Queen, Brood Lord x4  
  180  23:46  Brood Lord  
  191  24:03  Infestor x4  
  191  24:05  Brood Lord  
  191  24:06  Brood Lord x2  
  197  24:18  Baneling x5  
  197  24:24  Overseer  
  194  24:37  Zergling x2  
  194  24:38  Zergling x10  
  186  25:17  Infestor x3  
  192  25:21  Queen x3  
  192  25:27  Corruptor x2  
  196  25:58  Brood Lord x2  
  196  26:00  Spore Crawler x3  
  196  26:03  Baneling x6  
  197  26:05  Spore Crawler x3  
  197  26:07  Spore Crawler  
  197  26:11  Spore Crawler  
  188  26:13  Spore Crawler  
  181  26:18  Zergling x2  
  181  26:19  Zergling x14  
  189  26:26  Spore Crawler x2  
  189  26:29  Roach x2, Corruptor  
  189  26:31  Infestor x2  
  197  26:46  Spine Crawler  
  196  26:48  Baneling x3, Spine Crawler  
  193  26:57  Spore Crawler  
  193  26:59  Spore Crawler  
  185  27:02  Brood Lord  
  185  27:05  Zergling x6  
  185  27:07  Ravager x2  
  190  27:12  Zergling x20  
  194  27:37  Overlord x2  
  194  27:49  Overseer x2  
  189  27:56  Overlord  
  189  27:57  Queen x2  
  185  27:59  Zergling x24  
  190  28:07  Zergling x26  
  176  28:27  Queen x4  
  176  28:28  Corruptor x2  
  176  28:31  Roach x3  
  176  28:32  Baneling x10  
  186  28:56  Baneling x3, Zergling x12  
  181  29:12  Corruptor  
  181  29:15  Brood Lord x2  
  181  29:16  Overlord  
  182  29:17  Infestor x3  
  186  29:24  Spore Crawler, Ravager x3  
  188  29:45  Zergling x48  
  174  29:56  Zergling x16  
  179  30:01  Roach  
  179  30:11  Zergling x26  
  179  30:13  Overseer  
  188  30:14  Baneling x18  
  188  30:16  Queen  
  188  30:18  Baneling x12  
  190  30:23  Baneling x9  
  179  30:36  Zergling x22  
  179  30:40  Zergling x26  
  160  30:48  Roach x6  
  150  30:52  Zergling x6  
  150  30:57  Roach x2  
  150  30:58  Infestor  
  160  31:06  Infestor x3  
  160  31:07  Infestor x2  
  170  31:20  Roach  
  170  31:21  Ravager x8  
  182  31:32  Roach  
  182  31:33  Roach x2  
  182  31:35  Baneling x4  
  182  31:37  Overseer  
  181  31:56  Hatchery, Corruptor x2  
  181  31:59  Baneling x2  
  184  32:17  Zergling x16  
Show
View Real Time Build Order
Export as new Build Order

Bunny Terran 

Build Orders: Reaper Expand, Mech 

Get SALT Encoding   

  12  0:00  SCV  
  13  0:12  SCV  
  14  0:17  Supply Depot  
  14  0:24  SCV  
  15  0:39  SCV  
  15  0:40  Barracks  
  16  0:43  Refinery  
  16  0:51  SCV  
  17  1:03  SCV  
  18  1:15  SCV  
  19  1:27  Reaper, Orbital Command  
  20  1:39  Command Center  
  20  1:49  Supply Depot  
  20  1:52  SCV  
  21  1:59  Marine  
  22  2:05  SCV  
  22  2:08  Factory  
  23  2:17  SCV  
  23  2:20  Barracks Reactor  
  24  2:29  SCV  
  25  2:41  SCV  
  26  2:47  Command Center  
  26  2:51  Orbital Command  
  26  2:53  SCV  
  27  2:59  Starport  
  27  3:05  Refinery  
  27  3:06  SCV  
  27  3:11  Hellion  
  30  3:13  Hellion  
  30  3:17  SCV  
  30  3:19  SCV  
  34  3:29  SCV  
  34  3:31  SCV  
  34  3:32  Hellion  
  38  3:35  Hellion  
  38  3:37  Viking  
  38  3:40  Refinery  
  42  3:43  SCV x2  
  44  3:56  Fusion Core  
  44  3:57  SCV x2  
  44  3:59  Orbital Command  
  46  4:04  Barracks Tech Lab  
  46  4:06  Hellion  
  46  4:07  Hellion  
  50  4:11  SCV x2  
  52  4:19  Supply Depot  
  52  4:23  SCV x2  
  54  4:25  SCV  
  55  4:35  SCV x2  
  57  4:42  SCV  
  57  4:43  Battlecruiser  
  57  4:45  Supply Depot  
  64  4:47  SCV x2  
  64  4:48  Hellion  
  64  4:50  Supply Depot  
  68  4:58  Refinery  
  68  5:00  SCV  
  68  5:01  Orbital Command  
  68  5:06  Factory  
  68  5:07  SCV, Hellion  
  72  5:10  Hellion, Factory  
  74  5:14  Supply Depot  
  74  5:15  Supply Depot  
  74  5:21  SCV x2  
  78  5:28  Hellion  
  78  5:29  Armory  
  78  5:30  Armory  
  78  5:31  SCV, Hellion  
  81  5:42  SCV x2  
  83  5:43  SCV  
  84  5:53  Refinery  
  84  5:56  Battlecruiser  
  92  5:57  Hellion x2, Factory Tech Lab  
  92  5:58  Factory Tech Lab  
  94  6:09  SCV x3  
  92  6:18  Siege Tank  
  92  6:22  Command Center  
  86  6:25  SCV x2  
  86  6:26  SCV  
  86  6:27  Siege Tank  
  86  6:30  Engineering Bay  
  86  6:31  Hellion x2  
  91  6:36  Refinery  
  91  6:37  SCV  
  91  6:38  SCV x2  
  91  6:39  Supply Depot  
  94  6:40  Supply Depot  
  94  6:41  Terran Vehicle Weapons Level 1  
  94  6:42  Terran Vehicle And Ship Armor Level 1  
  94  6:50  SCV x3  
  94  6:52  Hellion x2  
  104  7:01  Siege Tank  
  104  7:02  Weapon Refit  
  104  7:05  SCV x3  
  106  7:13  Siege Tank  
  106  7:14  Hellion x2  
  108  7:23  SCV x3  
  108  7:24  Missile Turret  
  108  7:27  Missile Turret  
  108  7:29  Supply Depot  
  107  7:30  Supply Depot, Battlecruiser  
  107  7:31  Missile Turret  
  107  7:33  Missile Turret  
  107  7:35  Hellion x2  
  117  7:43  Siege Tank  
  120  7:48  SCV x3  
  120  7:49  Missile Turret  
  123  7:52  Missile Turret  
  123  7:53  Siege Tank  
  123  7:58  Factory  
  126  8:02  Factory  
  126  8:07  SCV x3  
  126  8:10  Hellion x2, Refinery  
  133  8:14  Planetary Fortress  
  133  8:15  Missile Turret  
  133  8:19  Refinery  
  133  8:21  SCV x3  
  133  8:24  Supply Depot  
  133  8:25  Supply Depot, Siege Tank  
  139  8:27  Missile Turret  
  139  8:29  Command Center  
  137  8:38  Siege Tank  
  137  8:39  Missile Turret  
  140  8:46  Infernal Pre-Igniter  
  140  8:47  Factory Reactor  
  140  8:48  Factory Tech Lab  
  140  8:50  SCV x3  
  143  8:57  SCV  
  144  9:03  Command Center  
  144  9:05  Command Center  
  142  9:10  Terran Vehicle And Ship Armor Level 2, Terran Vehicle Weapons Level 2  
  142  9:12  Hellion x2, Siege Tank  
  142  9:13  Siege Tank  
  152  9:17  Supply Depot x2  
  152  9:18  Siege Tank  
  155  9:44  Thor x2  
  167  9:48  Command Center  
  167  9:50  Thor  
  173  9:54  Hellion  
  173  9:55  Hellion x3  
  173  10:12  Missile Turret, Refinery  
  173  10:13  Refinery  
  173  10:14  Missile Turret  
  173  10:16  Planetary Fortress  
  173  10:18  Missile Turret  
  173  10:20  Missile Turret  
  179  10:23  Orbital Command  
  179  10:25  Orbital Command  
  179  10:27  Thor x2  
  187  10:36  Thor  
  191  10:44  Factory  
  191  10:45  Factory  
  191  10:46  Factory  
  191  10:49  Sensor Tower  
  191  10:50  Command Center  
  191  10:55  Sensor Tower  
  191  10:56  Missile Turret  
  191  11:00  Missile Turret x2  
  191  11:10  Thor  
  197  11:12  Smart Servos  
  191  11:20  Thor  
  191  11:25  Thor  
  185  11:27  Hellion x3  
  185  11:32  Factory Tech Lab  
  191  11:33  Missile Turret, Factory Reactor  
  178  11:51  Siege Tank  
  178  11:53  Siege Tank  
  168  11:55  Hellion x4  
  170  12:03  Siege Tank  
  170  12:07  Terran Vehicle Weapons Level 3, Terran Vehicle And Ship Armor Level 3  
  173  12:08  Siege Tank  
  173  12:09  Factory Reactor  
  173  12:14  SCV  
  177  12:16  Hellion  
  171  12:23  Siege Tank  
  171  12:25  Siege Tank  
  171  12:26  Hellion x2  
  171  12:27  SCV  
  169  12:31  Hellion  
  169  12:34  Hellion  
  169  12:35  Siege Tank  
  176  12:39  SCV  
  176  12:40  Siege Tank  
  176  12:42  Hellion x2  
  158  12:48  Planetary Fortress  
  158  12:50  Missile Turret  
  158  12:51  SCV, Hellion  
  134  12:52  Hellion  
  134  12:53  Hellion  
  134  12:55  Hellion  
  128  12:59  Hellion x2  
  128  13:03  SCV  
  124  13:05  Thor  
  124  13:10  Orbital Command  
  124  13:15  Barracks Tech Lab  
  124  13:18  Ghost Academy  
  124  13:19  Barracks  
  124  13:20  Terran Infantry Armor Level 1  
  124  13:22  Barracks  
  124  13:23  Missile Turret  
  124  13:25  Missile Turret  
  124  13:27  Hellion x2  
  124  13:28  Cyclone  
  124  13:29  Thor  
  137  13:39  Missile Turret, Thor  
  133  13:47  Hellion x2  
  135  13:49  Ghost  
  139  13:56  Hellion x2  
  139  13:58  Hellion x2  
  139  13:59  Orbital Command  
  145  14:09  Hellion x3  
  138  14:11  Barracks Tech Lab  
  138  14:12  Barracks Tech Lab  
  138  14:13  Hellion x2  
  136  14:18  Ghost  
  136  14:21  Personal Cloaking  
  138  14:25  Refinery  
  138  14:28  Hellion, Refinery  
  140  14:31  Hellion  
  140  14:32  Hellion  
  144  14:41  Orbital Command  
  125  14:46  Ghost  
  125  14:48  Siege Tank x3  
  125  14:51  Hellion x3  
  129  14:54  Hellion  
  129  14:57  Orbital Command  
  124  15:01  Siege Tank  
  127  15:08  Ghost x2  
  127  15:13  SCV  
  127  15:14  SCV x4  
  136  15:20  Siege Tank  
  139  15:21  Ghost  
  139  15:26  Siege Tank x2  
  147  15:39  Command Center  
  147  15:42  Ghost x2  
  151  15:48  Terran Infantry Armor Level 2  
  145  15:58  Hellion x5  
  153  16:06  Siege Tank x2  
  153  16:08  Hellion x3  
  154  16:16  Hellion x3  
  149  16:20  Hellion x3  
  149  16:22  Thor x2  
  149  16:25  Sensor Tower  
  167  16:32  Ghost x2  
  171  16:36  Hellion  
  171  16:37  Hellion  
  171  16:38  Thor  
  179  16:48  Thor  
  181  17:03  Hellion x2  
  181  17:05  Thor x2, Hellion x8  
  187  17:21  Thor  
  193  17:24  Command Center  
  193  17:31  Thor  
  181  17:48  Command Center  
  181  17:49  Thor x2  
  193  17:55  Missile Turret  
  193  17:58  Ghost x2  
  193  18:04  Refinery  
  197  18:06  Refinery  
  190  18:35  Thor  
  190  18:36  Thor x2  
  190  18:40  Orbital Command  
  184  18:46  Hellion x4  
  192  18:58  Hellion  
  176  19:04  Siege Tank  
  179  19:14  Medivac  
  178  19:17  SCV  
  178  19:18  Siege Tank  
  178  19:19  Siege Tank x2  
  184  19:29  SCV  
  154  19:35  Hellion x3  
  154  19:36  Siege Tank  
  151  19:41  SCV  
  151  19:44  Medivac  
  154  19:49  Hellion  
  156  19:53  SCV  
  156  19:55  Siege Tank  
  156  19:56  Siege Tank x2  
  162  20:04  Missile Turret  
  162  20:05  SCV  
  161  20:07  Missile Turret  
  161  20:09  Planetary Fortress, Siege Tank  
  161  20:11  Hellion  
  161  20:13  Hellion  
  168  20:25  Ghost  
  168  20:28  Siege Tank  
  167  20:39  Refinery  
  167  20:40  Refinery  
  167  20:43  Missile Turret  
  167  20:44  Sensor Tower  
  167  20:52  Missile Turret  
  167  20:55  Thor  
  167  20:56  Thor  
  179  20:59  SCV  
  180  21:05  Enhanced Shockwaves  
  180  21:11  SCV  
  152  21:23  SCV  
  145  21:27  Ghost x3  
  135  21:35  Thor x2, SCV  
  135  21:36  Hellion x3  
  135  21:38  Hellion  
  148  21:41  Hellion  
  146  21:47  Hellion  
  146  21:48  SCV  
  146  21:52  Hellion x2  
  151  21:55  Ghost  
  153  22:07  Siege Tank x2  
  159  22:08  Missile Turret  
  159  22:12  Sensor Tower  
  136  22:23  Hellion x2  
  136  22:26  Hellion x5  
  132  22:33  Thor  
  138  22:41  Siege Tank  
  141  22:47  Siege Tank  
  141  22:50  Missile Turret, Medivac  
  143  23:00  Hellion x2  
  132  23:06  Siege Tank  
  132  23:09  Hellion  
  137  23:13  Ghost, Siege Tank  
  137  23:16  Siege Tank  
  137  23:17  Ghost  
  147  23:20  Ghost  
  147  23:25  Siege Tank  
  152  23:31  Hellion x3  
  152  23:33  Hellion  
  160  23:36  Missile Turret  
  160  23:40  Liberator  
  163  23:49  Ghost x3  
  163  23:52  Hellion x2  
  169  23:59  Command Center  
  165  24:13  Thor  
  171  24:18  Ghost  
  171  24:23  Thor  
  179  24:25  Missile Turret  
  179  24:34  Ghost  
  179  24:39  Ghost  
  178  24:54  Ghost  
  180  25:02  Ghost  
  172  25:16  Thor  
  170  25:39  Liberator  
  173  25:43  Fusion Core  
  173  25:44  Hellion x2  
  173  25:46  Command Center  
  171  25:52  Thor  
  177  25:59  Thor  
  183  26:04  Command Center  
  179  26:13  Hellion  
  179  26:14  Hellion x6  
  194  26:32  Medivac  
  193  26:33  Advanced Ballistics  
  193  26:45  Nuke  
  193  26:55  Thor  
  199  27:10  Missile Turret  
  199  27:12  Refinery  
  199  27:20  Planetary Fortress  
  199  27:22  Liberator  
  191  27:42  Refinery  
  191  27:45  Nuke  
  187  27:56  Thor  
  174  28:14  Factory Tech Lab  
  154  28:29  Thor x2  
  154  28:31  Hellion  
  154  28:32  Hellion x3  
  172  28:44  Hellion x2  
  166  28:49  Ghost  
  166  28:53  Hellion x4  
  176  28:56  Liberator  
  176  29:06  Hellion x2  
  174  29:13  Hellion x2  
  174  29:14  Hellion x3  
  174  29:15  Hellion  
  186  29:19  Ghost  
  188  29:27  Hellion x2  
  192  29:34  Hellion x2  
  192  29:36  Hellion x2  
  181  29:48  Thor, Hellion  
  181  29:49  Hellion x2  
  166  29:55  Hellion  
  166  29:56  Hellion  
  166  30:00  Ghost  
  162  30:13  Ghost x2  
  162  30:39  Hellion x3  
  49  31:05  Thor  
  55  31:22  Ghost x2  
  59  31:42  Thor  
  65  31:47  Siege Tank  
  68  31:56  Hellion  
  68  31:59  Hellion  
  72  32:03  Hellion  

Tags
 
Add a new tag
Caveats
  • Supply blocks, unpowered buildings, or Contaminate may cause inaccurate times.
  • Supply counts are checked every 10 seconds.